 Dungeon Crawl Stone Soup version 0.30-a0-918-g0ff054e9dc (webtiles) character file.

Game seed: 9829005988523403335

245 gelatine the Ducker (level 5, -2/40 HPs)
             Began as a Demonspawn Gladiator on Mar 20, 2023.
             Slain by a worm (6 damage)
             ... on level 4 of the Dungeon.
             The game lasted 00:09:24 (3006 turns).

gelatine the Ducker (Demonspawn Gladiator)          Turns: 3006, Time: 00:09:25

Health: -2/40      AC: 10    Str: 14    XL:     5   Next: 84%
Magic:  6/6        EV: 13    Int: 11    God:
Gold:   178        SH:  0    Dex: 15    Spells: 5/6 levels left

rFire   . . .      SeeInvis .    k - +2 whip (vamp)
rCold   . . .      Faith    .    (no shield)
rNeg    . . .      Spirit   .    b - +0 leather armour
rPois   .          Reflect  .    c - +0 helmet
rElec   .          Rampage  .    s - +0 cloak
rCorr   .                        q - +2 pair of gloves
Will    .....                    (no boots)
Stlth   +                        (no amulet)
HPRegen 0.26/turn                (no ring)
MPRegen 0.10/turn                (no ring)

@: no status effects
A: molten scales 1, ignite blood 1
a: no special abilities


You were on level 4 of the Dungeon.
You visited 1 branch of the dungeon, and saw 4 of its levels.

You collected 178 gold pieces.

Inventory:

Hand Weapons
 a - a +0 war axe
 k - a +2 vampiric whip (weapon)
Armour
 b - a +0 leather armour (worn)
 c - a +0 helmet (worn)
 q - a +2 pair of gloves (worn)
 s - a +0 cloak (worn)
Magical Staves
 y - a staff of death
Wands
 r - a wand of flame (21)
 v - a wand of roots (5)
Scrolls
 g - 2 scrolls of blinking {unknown}
 h - 6 scrolls of identify {unknown}
 n - 4 scrolls of teleportation {unknown}
 o - a scroll of enchant weapon {unknown}
 t - a scroll of vulnerability {unknown}
 u - a scroll of amnesia {unknown}
 w - a scroll of fear {unknown}
 z - a scroll of noise {unknown}
Potions
 f - 3 potions of mutation {unknown}
 i - 3 potions of heal wounds {unknown}
 j - a potion of flight {unknown}
 l - a potion of curing {unknown}
 m - a potion of haste
 p - a potion of ambrosia {unknown}
 x - 2 potions of magic {unknown}


   Skills:
 * Level 2.8 Fighting
 + Level 3.4(3.5) Axes
 + Level 1.1(2.4) Maces & Flails
 + Level 2.0 Throwing
 * Level 1.6 Armour
 * Level 3.8 Dodging
 * Level 1.2 Spellcasting
 * Level 1.3 Earth Magic


You had 5 spell levels left.
You knew the following spells:

 Your Spells              Type           Power      Damage    Failure   Level
a - Sandblast             Erth           6%         2d5       22%         1

Your spell library contained the following spells:

 Spells                   Type           Power      Damage    Failure   Level
 Passwall                 Tmut/Erth      1%         N/A       41%         2
 Stone Arrow              Conj/Erth      4%         3d7       65%         3


Dungeon Overview and Level Annotations

Branches:
Dungeon (4/15)
 Temple: D:4-7

Altars:
Makhleb
Trog

Shops:
D:4 =

Annotations:
D:3 3 runed translucent doors, qeuew's ghost, weakling DsCK
D:4 Natasha


Innate Abilities, Weirdness & Mutations

You are partially covered in molten scales. (AC +2)
Your demonic aura sometimes causes spilled blood to erupt in flames.


Message History

The phantom hits you but does no damage.
You barely miss the phantom.
The phantom is heavily damaged.
The phantom hits you.
The phantom blinks!
You blink.
Natasha, Servant of Life and Death comes into view.
You hit the phantom.
The phantom is heavily damaged.
The phantom hits you but does no damage.
You closely miss the phantom.
The phantom is heavily damaged.
Natasha stares at you and mumbles some strange words.
The magic dart hits you but does no damage.
The phantom misses you.
You closely miss the phantom.
The phantom is heavily damaged.
The phantom hits you but does no damage.
The worm closely misses you.
You barely miss the phantom.
The phantom is heavily damaged.
The phantom hits you but does no damage.
Natasha claws you but does no damage.
You hit the phantom.
The phantom is severely damaged.
The phantom barely misses you. The worm closely misses you.
Natasha claws you but does no damage.
You barely miss the phantom.
The phantom is severely damaged.
The phantom barely misses you. Natasha claws you but does no damage.
You hit the phantom.
The phantom is almost destroyed.
The worm bites you!
* * * LOW HITPOINT WARNING * * *
The phantom barely misses you.
You barely miss the worm. Natasha casts a spell at you.
The magic dart hits you!
* * * LOW HITPOINT WARNING * * *
The phantom hits you but does no damage.
The worm bites you.
You die...

.# .# .# ####### ####)
....... #...# .......
#####...###.......
##..(...()†........
####...#.)w.###.......
.# #.#........@W.#
#.###.#
.##.....##..h...# .#
!...[...#......## #
................
..###.....#...........
..?..................
#..............:..$
.#<...............
#§#...∩.......


You could see a phantom, a worm and Natasha.

Vanquished Creatures
  Jessica (D:2)
  Natasha (D:4)
  An orc wizard (D:3)
  Robin (D:3)
  4 adders
  2 worms
  6 orcs
  6 bats
  8 endoplasms
  6 giant cockroaches
  20 goblins
  7 hobgoblins
  14 jackals
  5 kobolds
  A quokka (D:2)
  5 ball pythons
  3 frilled lizards
  6 rats
97 creatures vanquished.

Vanquished Creatures (others)
  A wizard (D:3)
1 creature vanquished.

Grand Total: 98 creatures vanquished

Notes
Turn   | Place    | Note
-------+----------+-------------------------------------------
     0 | D:1      | gelatine the Demonspawn Gladiator began the quest for the
                  | Orb.
     0 | D:1      | Reached XP level 1. HP: 16/16 MP: 1/1
   172 | D:1      | Gained mutation: You are partially covered in molten
                  | scales. (AC +2) [demonic ancestry]
   172 | D:1      | Reached XP level 2. HP: 21/21 MP: 2/2
   319 | D:1      | Learned a level 1 spell: Sandblast
   477 | D:1      | Gained mutation: Your demonic aura sometimes causes spilled
                  | blood to erupt in flames. [demonic ancestry]
   477 | D:1      | Reached XP level 3. HP: 27/27 MP: 3/3
   776 | D:2      | Noticed Jessica
   792 | D:2      | Killed Jessica
  1057 | D:2      | Reached XP level 4. HP: 34/34 MP: 5/5
  1704 | D:3      | Found a runed translucent gate.
  1729 | D:3      | Found a runed translucent gate.
  1730 | D:3      | Found a runed translucent gate.
  1731 | D:3      | Noticed qeuew's ghost (weakling DsCK)
  1731 | D:3      | Identified the +5 leather armour of Saebe {rPois Will-
                  | rCorr Stlth+}
  1911 | D:3      | Reached skill level 1 in Spellcasting
  1933 | D:3      | Reached skill level 1 in Armour
  1950 | D:3      | Reached XP level 5. HP: 38/39 MP: 6/6
  2036 | D:3      | Found a burning altar of Makhleb.
  2151 | D:3      | Found a bloodstained altar of Trog.
  2152 | D:3      | Noticed a wizard
  2157 | D:3      | Killed a wizard
  2364 | D:3      | Noticed Robin
  2415 | D:3      | Killed Robin
  2416 | D:3      | Reached skill level 1 in Earth Magic
  2930 | D:4      | Found Zifoe's Jewellery Shoppe.
  2934 | D:4      | Noticed Natasha
  2938 | D:4      | Noticed a phantom
  2965 | D:4      | Reached skill level 1 in Maces & Flails
  2979 | D:4      | Killed Natasha
  2998 | D:4      | Noticed Natasha
  3006 | D:4      | Slain by a worm

Illustrated notes

Levels and vault maps discovered:
D:1:      matt_arrival_grand_opening, layout_basic, minmay_door_square
D:2:      layout_basic, basic_altar, uniq_jessica
D:3:      kennysheep_goblin_castle, layout_basic, bloody_makhleb, trog_wizard,
          biasface_ghost_orc_armoury, minmay_vboxes
D:4:      layout_rooms, minitemple, hellmonk_ghost_happy_afterlife,
          serial_shops, shop, nicolae_shop_behind_doors, shop, uniq_natasha

Skill      XL: |  1  2  3  4  5 |
---------------+----------------+-----
Axes           | 3 |  3.4
Throwing       | 2 |  2.0
Dodging        | 3 |  3.8
Spellcasting   | 1 |  1.2
Armour         | 1 |  1.6
Earth Magic    | 1 |  1.3
Maces & Flails | 1 |  1.1
Fighting       | |  2.8

Action                     |  1- 3 |  4- 6 || total
---------------------------+-------+-------++-------
  Melee: War axe           |    51 |       ||    51
         Punch             |     1 |     3 ||     4
         Whip              |    24 |   247 ||   271
  Throw: Throwing net      |     4 |     3 ||     7
         Javelin           |     4 |     3 ||     7
   Cast: Sandblast         |       |     4 ||     4
 Armour: Leather armour    |    31 |   130 ||   161
  Dodge: Dodged            |    60 |   204 ||   264

Table legend: (Time is in decaauts)
 A = Elapsed time spent in this place.
 B = Non-inter-level travel time spent in this place.
 C = Inter-level travel time spent in this place.
 D = Time resting spent in this place.
 E = Time spent auto-exploring this place.
 F = Levels seen in this place.
 G = Mean time per level.
                   A        B        C        D        E       F      G
               +--------+--------+--------+--------+--------+-----+--------+
         Total |   3032 |   2910 |    122 |      0 |   2123 |   4 |  758.0 |
       Dungeon |   3032 |   2910 |    122 |      0 |   2123 |   4 |  758.0 |
               +--------+--------+--------+--------+--------+-----+--------+

Top non-repeatable levels by time:
     D:3: 1230 daAuts
     D:2: 970 daAuts
     D:1: 748 daAuts
     D:4: 82 daAuts
